 Dungeon Crawl Stone Soup version 0.31.0-9-g3a7656b989 (webtiles) character file.

Game seed: 15757612448525640383

382 qw the Skirmisher (level 6, 0/36 HPs)
             Began as a Deep Elf Hunter on Feb 2, 2024.
             Was an Initiate of Okawaru.
             Killed from afar by Sigmund (4 damage)
             ... with a puff of flame
             ... on level 5 of the Dungeon.
             The game lasted 00:00:12 (3071 turns).

qw the Skirmisher (Deep Elf Hunter)                 Turns: 3071, Time: 00:00:13

Health: 0/36       AC:  6    Str: 10    XL:     6   Next: 47%
Magic:  8/8        EV: 11    Int: 14    God:    Okawaru [......]
Gold:   206        SH:  0    Dex: 18    Spells: 5/5 levels left

rFire   . . .        l - +0 longbow
rCold   . . .        (shield currently unavailable)
rNeg    . . .        f - +0 ring mail
rPois   .            (no helmet)
rElec   .            i - +0 cloak
rCorr   .            (no gloves)
SInv    .            (no boots)
Will    .....        (no amulet)
Stlth   +            (no ring)
HPRegen 0.26/turn    (no ring)
MPRegen 0.11/turn

%: no passive effects
@: no status effects
A: no striking features
a: Renounce Religion


You were on level 5 of the Dungeon.
You worshipped Okawaru.
Okawaru was noncommittal.
You visited 2 branches of the dungeon, and saw 6 of its levels.

You collected 206 gold pieces.


   Skills:
 - Level 2.4 Fighting
 + Level 9.8 Ranged Weapons
 - Level 2.4 Dodging
 - Level 1.2 Stealth


You had 5 spell levels left.
You didn't know any spells.
Your spell library was empty.

Inventory:

Hand Weapons
 l - a +0 longbow (weapon)
Armour
 f - a +0 ring mail (worn)
 i - a +0 cloak (worn)
Jewellery
 g - a ring of ice
Wands
 k - a wand of flame (7)
Potions
 a - a potion of mutation
 b - a potion of heal wounds
 c - a potion of enlightenment

Dungeon Overview and Level Annotations

Branches:
Dungeon (5/15)             Temple (1/1) D:4

Altars:
Ashenzari
Cheibriados
Dithmenos
Elyvilon
Fedhas
Gozag
Hepliaklqana
Kikubaaqudgha
Makhleb
Nemelex Xobeh
Okawaru
Qazlal
Sif Muna
Trog
Uskayaw
Vehumet
Wu Jian
Xom
Yredelemnul
Zin

Shops:
D:4 (

Annotations:
D:4 1 runed translucent door, Crazy Yiuf
D:5 Blork the orc, Sigmund


Message History

You hear some strange, mumbled words.
You are confused.
3059 ||| DRINKING potion of curing.
You feel better.
3059 ||| (to cure confusion)
The scorpion barely misses you. Something hits you. The scorpion stings you.
You shoot an arrow. The arrow hits the scorpion.
The scorpion is almost dead.
The scorpion barely misses you. Something hits you.
You shoot an arrow. The arrow closely misses the scorpion.
The scorpion stings you but does no damage.
The scorpion barely misses you.
You hear some strange, mumbled words.
You are confused.
The scorpion stings you but does no damage.
Something hits you. The scorpion barely misses you.
The scorpion barely misses you.
You hear some strange, mumbled words.
A puff of flame appears from out of thin air!
The puff of flame misses you.
The scorpion stings you but does no damage.
Something hits you. The scorpion stings you.
You feel less confused.
The scorpion stings you but does no damage.
Something hits you.
You shoot an arrow. The arrow hits the scorpion!
You kill the scorpion!
Okawaru accepts your kill. Something hits you but does no damage.
Your Fighting skill increases to level 2!
You shoot an arrow. Something hits you.
You shoot an arrow. Something hits you!
You shoot an arrow. You shoot an arrow.
You hear some strange, mumbled words.
A puff of flame appears from out of thin air!
The puff of flame hits you.
You die...

.. .......
###.##.>.....
?...#........
#............
............
##...........
#..#%{....... ####
#.#@..#......
..........#....####
).....#.###.......#
......#.# #........
......#.# #.......#
#.....###<......#
#..............#
##...##.........
#.................


There were no monsters in sight!

Vanquished Creatures
  Menkaure (D:4)
  An ice beast (D:4)
  A scorpion (D:5)
  5 adders
  A dart slug (D:4)
  An orc (D:3)
  5 ball pythons
  4 endoplasms
  4 giant cockroaches
  12 hobgoblins
  7 jackals
  2 kobolds
  5 quokkas
  2 bats
  2 frilled lizards
  7 goblins
  5 rats
65 creatures vanquished.

Notes
Turn   | Place    | Note
-------+----------+-------------------------------------------
     0 | D:1      | qw the Deep Elf Hunter began the quest for the Orb.
     0 | D:1      | Reached XP level 1. HP: 12/12 MP: 3/3
     0 | D:1      | 0 ||| qw: Version: 0.3-a-155-g5e7d8dd
     0 | D:1      | 0 ||| qw: Game counter: 633
     0 | D:1      | 0 ||| qw: Melee chars always use a shield: true
     0 | D:1      | 0 ||| qw: God list: Okawaru
     0 | D:1      | 0 ||| qw: Allow faded altars: false
     0 | D:1      | 0 ||| qw: Do Orc after clearing Dungeon:15 true
     0 | D:1      | 0 ||| qw: Do second Lair branch before Depths: true
     0 | D:1      | 0 ||| qw: Lair rune preference: random
     0 | D:1      | 0 ||| qw: Goals: Normal
     0 | D:1      | 0 ||| PLANNING D:1-11
   245 | D:1      | Reached XP level 2. HP: 16/16 MP: 4/4
   254 | D:1      | Reached skill level 6 in Ranged Weapons
   639 | D:1      | 639 ||| UPGRADING to +0 ring mail.
   649 | D:1      | 649 ||| DROPPING +0 leather armour.
   650 | D:1      | 650 ||| UPGRADING to +0 cloak.
   655 | D:1      | 655 ||| DROPPING ring of flight.
   656 | D:1      | 656 ||| READING 2 scrolls labelled JAOVYI UCVO.
   657 | D:1      | 657 ||| READING scroll labelled YMEHAO SUSTAETIMOSCH.
   657 | D:1      | 657 ||| IDENTIFYING fuming ruby potion
   658 | D:1      | 658 ||| DROPPING scroll of butterflies.
   659 | D:1      | 659 ||| DROPPING potion of berserk rage.
   660 | D:1      | 660 ||| DROPPING scroll of fear.
   876 | D:2      | Reached XP level 3. HP: 19/20 MP: 5/5
  1051 | D:2      | Reached skill level 7 in Ranged Weapons
  1224 | D:2      | 1224 ||| READING scroll of identify.
  1224 | D:2      | 1224 ||| IDENTIFYING golden potion
  1225 | D:2      | 1225 ||| READING scroll labelled WUNEQE QAANO.
  1230 | D:2      | 1230 ||| DRINKING 2 metallic blue potions.
  1272 | D:2      | 1272 ||| DRINKING 2 fizzy cyan potions.
  1273 | D:2      | 1273 ||| DROPPING potion of lignification.
  1274 | D:2      | 1274 ||| DROPPING potion of magic.
  1580 | D:3      | Reached XP level 4. HP: 25/25 MP: 6/6
  1698 | D:3      | You fall into a shaft and drop 2 floors!
  1698 | D:5      | Entered Level 5 of the Dungeon
  1699 | D:5      | 1699 ||| READING 2 scrolls of identify.
  1699 | D:5      | 1699 ||| IDENTIFYING red potion
  1700 | D:5      | 1700 ||| READING scroll of identify.
  1700 | D:5      | 1700 ||| IDENTIFYING green potion
  1701 | D:5      | 1701 ||| READING scroll labelled VURULI EMAOVAW.
  1703 | D:5      | 1703 ||| Stepping ~*~*~tactically~*~*~ (cloud).
  1710 | D:5      | HP: 6/25 [poisoned by you (poison gas)]
  1795 | D:5      | Noticed Blork the orc
  1796 | D:5      | 1796 ||| FLEEEEING.
  1796 | D:5      | Noticed Sigmund
  1797 | D:5      | 1797 ||| STAIRDANCE
  1798 | D:4      | Noticed an ice beast
  1809 | D:4      | Killed an ice beast
  1810 | D:4      | Reached skill level 8 in Ranged Weapons
  1810 | D:4      | Reached XP level 5. HP: 13/29 MP: 7/7
  2313 | D:4      | Found a shadowy altar of Dithmenos.
  2361 | D:4      | 2361 ||| SWAPPING to +0 longbow.
  2364 | D:4      | 2364 ||| DROPPING +0 shortbow.
  2468 | D:4      | Found a staircase to the Ecumenical Temple.
  2469 | D:4      | 2469 ||| PLANNING TEMPLE
  2469 | D:4      | 2469 ||| READING 2 scrolls of identify.
  2469 | D:4      | 2469 ||| IDENTIFYING bubbling yellow potion
  2470 | D:4      | 2470 ||| READING scroll of identify.
  2470 | D:4      | 2470 ||| IDENTIFYING fuming red potion
  2471 | D:4      | 2471 ||| READING scroll labelled BEAHEE ESECWOF.
  2472 | D:4      | 2472 ||| DRINKING 2 fuming clear potions.
  2473 | D:4      | 2473 ||| DROPPING potion of brilliance.
  2483 | Temple   | Entered the Ecumenical Temple
  2484 | Temple   | 2484 ||| PLANNING OKAWARU WORSHIP
  2502 | Temple   | Became a worshipper of Warmaster Okawaru
  2503 | Temple   | 2503 ||| PLANNING D:1-11
  2553 | D:4      | Noticed Menkaure
  2554 | D:4      | 2554 ||| DRINKING potion of haste.
  2559 | D:4      | Killed Menkaure
  2560 | D:4      | Reached skill level 9 in Ranged Weapons
  2560 | D:4      | Reached XP level 6. HP: 34/34 MP: 8/8
  2617 | D:4      | HP: 8/35 [hobgoblin (1)]
  2618 | D:4      | 2618 ||| DRINKING 2 potions of heal wounds.
  2789 | D:4      | Found Tuvuysem's Weapon Shoppe.
  2863 | D:4      | Found a runed translucent door.
  2864 | D:4      | Noticed Crazy Yiuf
  2966 | D:4      | 2966 ||| READING scroll labelled LOLEMEBBUB.
  3006 | D:5      | 3006 ||| STAIRDANCE
  3050 | D:5      | 3050 ||| DRINKING 2 potions of curing.
  3050 | D:5      | 3050 ||| (to cure confusion)
  3054 | D:5      | 3054 ||| RETREEEEATING.
  3055 | D:5      | 3055 ||| RETREEEEATING.
  3059 | D:5      | 3059 ||| DRINKING potion of curing.
  3059 | D:5      | 3059 ||| (to cure confusion)
  3069 | D:5      | HP: 3/36 [something (8)]
  3071 | D:5      | Killed from afar by Sigmund

Levels and vault maps discovered:
D:1:      nzn_arrival_water_spiral, layout_loops_ring
D:2:      layout_basic
D:3:      layout_basic, minmay_crystal_water
D:4:      cheibrodos_greedy_goblins, layout_rooms,
          grunt_dithmenos_smoke_and_mirrors, minmay_temple_entry_poolview,
          serial_shops, nicolae_shop_window_shopping, moated_statue,
          uniq_menkaure, uniq_crazy_yiuf_cottage
D:5:      layout_rooms, uniq_eustachio, uniq_blork_the_orc, uniq_sigmund,
          uniq_duvessa
Temple:   nicolae_temple_bog_church

Skill      XL: |  1  2  3  4  5  6 |
---------------+-------------------+-----
Ranged Weapons | 6 7 8 9 |  9.8
Fighting       | 2 |  2.4
Dodging        | |  2.4
Stealth        | |  1.2

Action                     |  1- 3 |  4- 6 || total
---------------------------+-------+-------++-------
   Fire: Shortbow          |    93 |    57 ||   150
         Longbow           |       |    51 ||    51
    Use: Scroll            |     4 |     7 ||    11
         Potion            |     2 |     5 ||     7
 Armour: Ring mail         |    23 |    55 ||    78
         Leather armour    |     4 |       ||     4
  Dodge: Dodged            |    32 |    52 ||    84

Table legend:
 A = Non-vault XP
 B = Vault XP
 C = Vault XP percentage of total XP
 D = Non-vault monster count
 E = Vault monster count
 F = Vault count percentage of total count
                 A         B        C        D         E       F
            +---------+---------+-------+---------+---------+-------
      Total |     351 |     195 |  35.7 |      52 |      13 |  20.0
            +---------+---------+-------+---------+---------+-------
        D:1 |      17 |       0 |   0.0 |      11 |       0 |   0.0
        D:2 |      60 |       0 |   0.0 |      14 |       0 |   0.0
        D:3 |      37 |       0 |   0.0 |      15 |       0 |   0.0
        D:4 |     154 |     195 |  55.9 |      11 |      13 |  54.2
        D:5 |      83 |       0 |   0.0 |       1 |       0 |   0.0
            +---------+---------+-------+---------+---------+-------
